 Dungeon Crawl Stone Soup version 0.30-b1-2-g02819fbbbe (webtiles) character file.

Game seed: 15726382946017025230

2664 NateTC the Covert (level 9, 0/45 HPs)
             Began as a Spriggan Earth Elementalist on May 3, 2023.
             Was a Priest of Nemelex Xobeh.
             Killed from afar by Maggie (13 damage)
             ... with a bolt of fire
             ... on level 6 of the Dungeon.
             The game lasted 00:24:45 (6812 turns).

NateTC the Covert (Spriggan Earth Elementalist)     Turns: 6812, Time: 00:24:45

Health: 0/45       AC:  5    Str:  4    XL:     9   Next: 36%
Magic:  0/15       EV: 22    Int: 21    God:    Nemelex Xobeh [***...]
Gold:   412        SH:  0    Dex: 15    Spells: 10/14 levels left

rFire   . . .        (weapon restricted)
rCold   . . .        (no shield)
rNeg    . . .        m - +0 steam dragon scales
rPois   .            (helmet restricted)
rElec   .            (no cloak)
rCorr   .            (gloves unavailable)
SInv    +            (boots unavailable)
Will    +....        (no amulet)
Stlth   ++++         o - +5 ring of evasion
HPRegen 0.27/turn    (no ring)
MPRegen 0.14/turn

%: no passive effects
@: mesmerised, very quick
A: very small, no large weapons, unfitting armour, see invisible, speed 3
a: Renounce Religion, Draw Escape, Draw Destruction, Draw Summoning, Triple Draw


You were on level 6 of the Dungeon.
You worshipped Nemelex Xobeh.
Nemelex Xobeh was most pleased with you.
You visited 1 branch of the dungeon, and saw 6 of its levels.
You also visited: Sewer.

You collected 412 gold pieces.

Inventory:

Missiles
 e - 6 throwing nets
Armour
 a - a +1 robe
 m - +0 steam dragon scales (worn)
Jewellery
 j - a ring of fire
 o - a +5 ring of evasion (left hand)
 s - a ring of ice
Scrolls
 c - a scroll of butterflies
 f - 3 scrolls of teleportation
 l - a scroll of blinking
 p - a scroll of poison {unknown}
 q - a scroll of identify
 r - a scroll of fog {unknown}
Potions
 b - 3 potions of flight
 d - 5 potions of brilliance
 g - a potion of haste
 h - 2 potions of heal wounds {unknown}
 i - 2 potions of lignification {unknown}
 k - 2 potions of invisibility {unknown}
 n - 3 potions of curing


   Skills:
 * Level 3.9 Fighting
 - Level 3.3 Dodging
 * Level 8.7 Stealth
 - Level 3.4 Spellcasting
 - Level 5.9 Conjurations
 - Level 1.3 Transmutations
 + Level 6.6 Earth Magic


You had 10 spell levels left.
You knew the following spells:

 Your Spells              Type           Power      Damage    Failure   Level
a - Sandblast             Erth           62%        2d14      1%          1
b - Stone Arrow           Conj/Erth      60%        3d10      2%          3

Your spell library contained the following spells:

 Spells                   Type           Power      Damage    Failure   Level
 Magic Dart               Conj           100%       1d8       1%          1
 Passwall                 Tmut/Erth      16%        N/A       3%          2
 Ensorcelled Hibernation  Hex/Ice        6%         N/A       19%         2
 Petrify                  Tmut/Erth      20%        N/A       24%         4
 Swiftness                Air            3%         N/A       36%         3


Dungeon Overview and Level Annotations

Branches:
Dungeon (6/15)              Sewer (visited)
 Temple: D:4-7

Altars:
Kikubaaqudgha
Nemelex Xobeh
Qazlal
Sif Muna
Trog
Vehumet

Annotations:
D:6 Maggie


Innate Abilities, Weirdness & Mutations

You are very small and have problems with some larger weapons.
You are too small for most types of armour.
You have supernaturally acute eyesight. (SInv)
You cover ground extremely quickly. (Speed+++)


Message History

The bolt of fire hits you!
Maggie mumbles some strange words.
Maggie attempts to bespell you!
You are mesmerised by Maggie!
You cannot move away from Maggie!
You cannot move away from Maggie!
You cannot move away from Maggie!
You hit Maggie but do no damage.
Maggie is severely wounded.
Maggie mumbles some strange words.
Maggie draws you further into her thrall.
You barely miss Maggie.
Maggie is severely wounded.
Maggie hits you with a +0 morningstar.
* * * LOW HITPOINT WARNING * * *
You hit Maggie but do no damage.
Maggie is severely wounded.
Maggie misses you.
You hit Maggie.
Maggie is severely wounded.
Maggie misses you.
You hit Maggie but do no damage.
Maggie is severely wounded.
Maggie casts a spell.
Maggie draws you further into her thrall.
You barely miss Maggie.
Maggie is severely wounded.
Maggie casts a spell at you. The bolt of fire misses you.
Casting: Sandblast (safe; 1% risk of failure)
Confirm with . or Enter, or press ? or * to list all spells.
Aiming: Stone Arrow (dangerous; 2% risk of failure)
Press: ? - help, Shift-Dir - straight line, f/p - Maggie
Aim: Maggie, wielding a +0 morningstar and wearing +0 swamp dragon scales (severely wounded, mesmerising, 77% to hit)
The stone arrow hits Maggie!
Maggie is almost dead.
Maggie gestures at you while chanting. The bolt of fire hits you!
You die...
Your body disappears without a glow.

#...####..)..###............#
###.# ##.###...)......####...
#.###...#...######..# #...
#....).......# #..# #...
#.###...#....# #.># #...
#.####.###.#.#####..# ##..
#.##...# #.#.##..>..# ##.
#.##.#.# #.#.##.##[#### ##
#.##.#.# #@#.##.##....#####
#.##.#.###@#.##.#.........#
#.##....##.#.##.#.........#
###.##.....#.#.##.....~~~...#
##......))............~~~~~..#
#..####...............~~.~~...
####.##
##...............~~~~~...
......#
#.#.###.#####.....~~~....
#'###+###'###...#
#.#.........#


You could see Maggie (mesmerising).

Vanquished Creatures
  A cyclops (D:6)
  2 steam dragons (D:6)
  An acid dragon (D:6)
  Pargi (D:3)
  An orc warrior (D:6)
  A black bear (D:6)
  The ghost of KappaVara the Cudgeller, an amateur DsGl (D:4)
  3 ogres (D:6)
  A kobold brigand (Sewer)
  2 gnoll sergeants
  2 bullfrogs
  3 scorpions
  2 hounds
  A jelly (D:4)
  An orc priest (D:6)
  2 water moccasin simulacra (D:4)
  Natasha (D:2)
  6 iguanas
  An orc wizard (D:6)
  A scorpion simulacrum (D:4)
  10 adders
  20 gnolls
  A river rat (Sewer)
  A hound simulacrum (D:4)
  A shadow imp (D:5)
  2 white imps
  An ufetubus (D:6)
  3 dart slugs
  An adder simulacrum (D:4)
  10 orcs
  5 bats
  4 endoplasms
  8 giant cockroaches
  8 goblins
  4 hobgoblins
  4 jackals
  9 kobolds
  4 quokkas
  5 ball pythons
  2 frilled lizards
  5 rats
142 creatures vanquished.

Notes
Turn   | Place    | Note
-------+----------+-------------------------------------------
     0 | D:1      | NateTC the Spriggan Earth Elementalist began the quest for
                  | the Orb.
     0 | D:1      | Reached XP level 1. HP: 9/9 MP: 5/5
   158 | D:1      | Reached XP level 2. HP: 13/13 MP: 3/6
   531 | D:1      | Reached skill level 1 in Conjurations
   675 | D:1      | Reached XP level 3. HP: 16/16 MP: 1/8
  1068 | D:2      | Reached XP level 4. HP: 20/21 MP: 0/9
  1318 | D:2      | Learned a level 3 spell: Stone Arrow
  1487 | D:2      | Reached XP level 5. HP: 17/24 MP: 5/11
  1620 | D:2      | Noticed Natasha
  1624 | D:2      | Killed Natasha
  1929 | D:3      | Found a faded altar of an unknown god.
  1938 | D:3      | Prayed at the altar of an unknown god.
  1938 | D:3      | Became a worshipper of Nemelex Xobeh the Trickster
  1938 | D:3      | Reached * piety under Nemelex Xobeh
  2013 | D:3      | HP: 1/24 [poisoned by a scorpion]
  2087 | D:3      | Noticed Pargi
  2098 | D:3      | Reached XP level 6. HP: 28/28 MP: 8/12
  2132 | D:3      | Killed Pargi
  2297 | D:3      | Received a gift from Nemelex Xobeh
  2303 | D:3      | You fall into a shaft and drop 1 floor!
  2339 | D:4      | Found a runed translucent gate.
  2339 | D:4      | Found a runed translucent gate.
  2339 | D:4      | Found a runed translucent gate.
  2687 | D:4      | Reached XP level 7. HP: 32/32 MP: 10/13
  2994 | D:4      | Noticed KappaVara's ghost (amateur DsGl)
  3226 | D:4      | Killed KappaVara's ghost
  3394 | D:4      | Found a bloodstained altar of Trog.
  3441 | D:5      | Entered Level 5 of the Dungeon
  3441 | D:5      | Reached ** piety under Nemelex Xobeh
  3448 | D:5      | Identified the +5 rapier "Cavvas" {freeze, rElec rF+ Str-5
                  | Int+3}
  3624 | D:5      | Reached skill level 5 in Earth Magic
  3770 | D:5      | Reached skill level 5 in Conjurations
  4217 | D:5      | Found a radiant altar of Vehumet.
  4217 | D:5      | Found an ancient bone altar of Kikubaaqudgha.
  4218 | D:5      | Found a shimmering blue altar of Sif Muna.
  4224 | D:5      | Got Vehumet's Collected Works on Impulse
  4617 | D:6      | Reached XP level 8. HP: 36/36 MP: 7/14
  4712 | D:6      | Found a glowing drain.
  4723 | Sewer    | Entered a sewer
  4919 | Sewer    | Found a glowing silver altar of Zin.
  5107 | D:6      | Reached skill level 4 in Stealth
  5153 | D:6      | Found a stormy altar of Qazlal.
  5267 | D:6      | Reached skill level 1 in Fighting
  5356 | D:6      | Noticed Maggie
  5360 | D:6      | Reached skill level 5 in Stealth
  5391 | D:6      | Noticed a cyclops
  5889 | D:6      | Reached skill level 6 in Stealth
  6094 | D:6      | Reached skill level 7 in Stealth
  6094 | D:6      | Reached XP level 9. HP: 43/43 MP: 2/15
  6350 | D:6      | Reached *** piety under Nemelex Xobeh
  6484 | D:6      | Killed a cyclops
  6485 | D:6      | Reached skill level 8 in Stealth
  6812 | D:6      | Killed from afar by Maggie

Illustrated notes

Levels and vault maps discovered:
D:1:      scummos_arrival_star, layout_rooms, minmay_split_cup_small
D:2:      layout_loops_cross, uniq_natasha
D:3:      layout_basic, mainiacjoe_overflow_alcove_2,
          hellmonk_ecumenical_altar_run_dry, uniq_pargi
D:4:      layout_rooms, general_overflow_altar, gammafunk_ghost_icy,
          chequers_serial_rivers_micro_b, dreamdust_princess_corridor
D:5:      layout_loops_ring, grunt_temple_overflow_magic_moments
D:6:      hangedman_cross_stitches, layout_loops_ring,
          mainiacjoe_overflow_24_doors, portal_sewer_entry_a,
          minmay_misc_feat_tiny, uniq_maggie

Skill      XL: |  1  2  3  4  5  6  7  8  9 |
---------------+----------------------------+-----
Spellcasting   | 3 |  3.4
Conjurations   | 1 2 3 4 5 |  5.9
Dodging        | 3 |  3.3
Earth Magic    | 3 4 5 6 |  6.6
Stealth        | 7 8 |  8.7
Fighting       | 2 3 |  3.9
Transmutations | |  1.3

Action                     |  1- 3 |  4- 6 |  7- 9 || total
---------------------------+-------+-------+-------++-------
  Melee: Unarmed           |    15 |       |    31 ||    46
   Cast: Sandblast         |    69 |    80 |    96 ||   245
         Stone Arrow       |       |       |    81 ||    81
 Invoke: Draw Destruction  |       |       |     1 ||     1
    Use: Scroll            |     4 |     1 |     5 ||    10
         Potion            |       |     2 |     2 ||     4
 Armour: Robe              |     7 |       |     2 ||     9
         Steam dragon scal |       |       |     1 ||     1
  Dodge: Dodged            |    39 |    25 |   103 ||   167
